 Dungeon Crawl Stone Soup version 0.19-a0-38-ga776ef0 (webtiles) character file.

70182 FitzyFitz the Shatterer (level 15, -2/167 HPs)
             Began as an Ogre Gladiator on May 3, 2016.
             Was the Champion of Ru.
             Slain by a sixfirhy (7 damage)
             ... summoned by an orc high priest
             ... on level 2 of the Orcish Mines on May 4, 2016.
             The game lasted 01:54:39 (26350 turns).

FitzyFitz the Shatterer (Ogre Gladiator)           Turns: 26350, Time: 01:54:40

Health: -2/167     AC: -6    Str: 25    XL:     15   Next: 32%
Magic:  20/20      EV: 17    Int: 12    God:    Ru [******]
Gold:   2616       SH:  0    Dex: 19    Spells: 1 memorised, 19 levels left

rFire  . . .     SeeInvis .     b - +0 giant spiked club
rCold  . . .     Gourm    .     Y - +0 troll leather armour
rNeg   . . .     Faith    .     (shield currently unavailable)
rPois  .         Spirit   .     c - +2 hat
rElec  .         Dismiss  .     E - +0 cloak
rCorr  .         Reflect  .     (gloves unavailable)
SustAt .         Harm     .     (boots unavailable)
MR     +....                    p - amulet of regeneration
Stlth  ..........               x - ring of protection from magic
                                m - ring of Wuteb {Int+5 Dex+5}

@: corroded, no scrolls, somewhat resistant to hostile enchantments, extremely
unstealthy
A: unfitting armour, tough skin 1, evolution 1, inability to read while
threatened, no stealth, hated by all, no air magic, no necromancy magic, no
summoning magic, reduced AC 1, magic vulnerability 1, unskilled 1
a: Draw Out Power, Power Leap, Apocalypse, Renounce Religion


You were on level 2 of the Orcish Mines.
You worshipped Ru.
Ru was exalted by your worship.
You were not hungry.

You visited 4 branches of the dungeon, and saw 24 of its levels.
You also visited: Labyrinth and Bailey.

You collected 2900 gold pieces.
You spent 284 gold pieces at shops.

Inventory:

Hand Weapons
 a - a +0 eveningstar
 b - a +0 giant spiked club (weapon)
Missiles
 d - 2 throwing nets
 t - 6 large rocks (quivered)
Armour
 c - a +2 hat (worn)
 E - a +0 cloak (worn)
 Y - a +0 troll leather armour (worn)
Rods
 w - a +2 rod of clouds (11/11)
   (You took it off a minotaur in a labyrinth)
Jewellery
 e - an uncursed ring of protection from cold
 g - an uncursed amulet of rage {unknown}
 m - the ring of Wuteb (left hand) {Int+5 Dex+5}
   (You found it on level 11 of the Dungeon)

   [ring of intelligence]

   It affects your intelligence (+5).
   It affects your dexterity (+5).
 p - an amulet of regeneration (around neck)
 x - a ring of protection from magic (right hand)
Wands
 k - a wand of digging (0/24)
 s - a wand of paralysis (14/24)
 z - a wand of iceblast (6/15)
 F - a wand of heal wounds (6/9)
 G - a wand of teleportation (5/9)
 H - a wand of iceblast (8/15)
 I - a wand of disintegration (9/24)
Scrolls
 h - 2 scrolls of blinking
 i - 6 scrolls of teleportation
 n - 4 scrolls of magic mapping
 v - 7 scrolls of fear
 y - a scroll of silence
 C - a scroll of fog
 R - 2 scrolls of recharging
Potions
 j - 6 potions of heal wounds
 l - a potion of agility
 q - 4 potions of flight
 r - 3 potions of magic
 K - a potion of might
 N - 5 potions of curing
 S - a potion of resistance
Comestibles
 f - 15 bread rations
 o - 7 fruits
 u - 5 chunks of flesh


   Skills:
 - Level 15.0 Fighting
 + Level 21.4 Maces & Flails
 - Level 1.7 Throwing
 - Level 3.4 Armour
 - Level 10.1 Dodging
 - Level 3.3 Spellcasting


You had 19 spell levels left.
You knew the following spells:

 Your Spells              Type           Power        Failure   Level  Hunger
a - Magic Dart            Conj           #...         30%         1    #......


Dungeon Overview and Level Annotations

Branches:
Dungeon (13/15)            Temple (1/1) D:6            Lair (8/8) D:11
 Shoals (0/4) Lair:3       Spider (0/4) Lair:4        Slime (0/6) Lair:6
    Orc (2/2) D:10            Elf (0/3) Orc:2        Vaults (0/5) D:13

Altars:
Elyvilon
Gozag
Makhleb
Qazlal
Ru
Sif Muna
Trog
Yredelemnul
The Shining One
Beogh
Jiyva

Shops:
D:6 %}=}*   Orc:1 %

Portals:
Hell: Lair:8

Annotations:
D:6 Marethyu's ghost, novice DEEE


Innate Abilities, Weirdness & Mutations

You are too large for most types of armour.
You have tough skin (AC +1).
You cannot read scrolls while threatened.
You cannot be stealthy.
You are hated by all.
You cannot study or cast Air magic.
You cannot study or cast Necromancy magic.
You cannot study or cast Summoning magic.
You take slightly more damage. (AC -3)
You are slightly vulnerable to magic.
You are somewhat unskilled (-1 Apt).
You evolve.


Message History

* * * LOW HITPOINT WARNING * * *
The sixfirhy shocks you!
* * * LOW HITPOINT WARNING * * *
You redirect something's attack!
You miss the orc high priest.
The orc high priest is heavily wounded.
The sixfirhy closely misses you. The sixfirhy hits you.
* * * LOW HITPOINT WARNING * * *
The sixfirhy shocks you!
* * * LOW HITPOINT WARNING * * *
The rust devil is stunned by your will and fails to attack.
The orc priest hits you.
* * * LOW HITPOINT WARNING * * *
You focus your will and slow the orc priest in retribution!
The sixfirhy is stunned by your will and fails to attack.
The orc high priest hits you with a long sword!
You feel threatened and lose the ability to read scrolls!
* * * LOW HITPOINT WARNING * * *
The rust devil closely misses you. The sixfirhy hits you!
You die...

...........)........##
.....................## #
.......[..[..[........# ##
...........[....[....## #.
...............)......# ##.
.#....................###..
..................[..##.#[.
.........oo{......))#..[)..
.........4@4.)......).....#
....#....o4...[)....[......
..............)........>
........................
....................#...
###.###..#.#.#..#.####.# ##
############# ###


You could see an orc high priest, 2 rust devils, a sixfirhy, an orc priest and
an orc wizard (paralysed).

Vanquished Creatures
  Erolcha (D:8)
  A minotaur (Lab)
  7 hydras
  A hell beast (Lair:8)
  Erica (Lair:2)
  2 dancing weapons (D:13)
  A tengu warrior (D:13)
  A vampire mage (D:12)
  Urug (Lair:2)
  An orc high priest (Orc:2)
  Sonja (Lair:2)
  A slime creature (D:12)
  8 hill giants
  A wizard (Lair:8)
  Pikel (D:3)
  An obsidian statue (Lair:6)
  An orc knight (Orc:1)
  An orc sorcerer (Orc:2)
  3 griffons
  An ugly thing (D:11)
  A cyclops (D:12)
  An oklob plant (Lair:2)
  2 manticores
  15 elephants (Lair:8)
  2 centaur zombies
  3 centaur skeletons (D:13)
  Maurice (D:9)
  5 black mambas
  6 spiny frogs
  2 orange demons (Lair:8)
  A kobold demonologist (D:12)
  6 rime drakes
  11 komodo dragons
  6 ice devils (Lair:8)
  A queen bee (D:12)
  A hellwing (Lair:8)
  7 trolls
  2 red devils (Lair:8)
  2 polar bears
  4 blink frogs (Lair:7)
  A snapping turtle (Lair:3)
  3 two-headed ogres
  Grinder (D:4)
  3 shadows
  2 redbacks (Lair:4)
  A wraith (D:11)
  3 wyverns
  49 yaks
  A spriggan (Lair:3)
  Eustachio (D:4)
  A basilisk (Lair:8)
  5 hungry ghosts
  A mottled dragon (D:11)
  4 hippogriffs
  2 wargs
  Menkaure (D:5)
  16 water moccasins
  9 porcupines
  18 orc warriors
  5 sky beasts
  A phantom (D:10)
  A slave (D:4)
  2 wasps (D:12)
  10 ogres
  3 black bears
  2 necrophages
  17 wolves
  8 centaurs
  21 crocodiles
  Blork the orc (D:5)
  A wyvern zombie (D:8)
  2 big kobolds (D:12)
  7 gnoll sergeants (Bailey)
  15 giant frogs
  4 scorpions
  22 killer bees
  6 wights
  4 electric eels
  7 howler monkeys (D:10)
  6 crimson imps
  3 giant frog zombies
  4 giant frog skeletons
  10 jellies
  2 quasits
  Crazy Yiuf (D:5)
  24 orc priests
  4 gnoll shamans (Bailey)
  6 hounds
  19 orc wizards
  6 iguanas
  Terence (D:3)
  15 worker ants
  2 killer bee zombies
  15 sheep
  A hound zombie (D:7)
  A howler monkey zombie (D:11)
  13 gnolls (Bailey)
  8 adders
  84 river rats
  3 shadow imps
  14 oozes
  An adder zombie (D:9)
  2 adder skeletons
  4 worms
  3 dart slugs
  6 giant geckos
  59 orcs
  5 bats
  9 giant cockroaches
  A goblin (D:1)
  6 hobgoblins
  9 jackals
  17 kobolds
  4 quokkas
  2 ball pythons
  A giant gecko skeleton (D:7)
  4 giant newts (D:3)
  A quokka skeleton (D:4)
  A quokka zombie (D:8)
  11 rats
  15 fungi
  2 plants (Lair:2)
781 creatures vanquished.

Vanquished Creatures (collateral kills)
  A gnoll sergeant (Bailey)
  2 gnoll shamans (Bailey)
  A gnoll (Bailey)
4 creatures vanquished.

Vanquished Creatures (others)
  A hydra (Lair:3)
  A komodo dragon (Lair:8)
  A troll (D:12)
  2 slaves (D:4)
  An orc priest (Orc:2)
  2 worker ants (D:4)
  An adder (D:4)
  A worm (D:4)
  3 quokkas
  16 fungi
  3 plants (Lair:5)
32 creatures vanquished.

Grand Total: 817 creatures vanquished

Notes
Turn   | Place    | Note
--------------------------------------------------------------
     0 | D:1      | FitzyFitz the Ogre Gladiator began the quest for the Orb.
     0 | D:1      | Reached XP level 1. HP: 22/22 MP: 1/1
   234 | D:1      | Reached XP level 2. HP: 17/29 MP: 2/2
   455 | D:1      | Reached skill level 5 in Maces & Flails
   906 | D:1      | Reached XP level 3. HP: 36/36 MP: 3/3
  1430 | D:2      | Reached skill level 6 in Maces & Flails
  1788 | D:3      | Reached XP level 4. HP: 44/44 MP: 4/4
  1970 | D:4      | Noticed Grinder
  1970 | D:4      | Noticed Pikel
  1970 | D:4      | Noticed a slave
  1970 | D:4      | Noticed a slave
  1970 | D:4      | Noticed a slave
  1970 | D:4      | Noticed a slave
  1996 | D:3      | Killed Pikel
  1996 | D:3      | Reached skill level 10 in Maces & Flails
  1996 | D:3      | Reached XP level 5. HP: 16/50 MP: 5/5
  1996 | D:3      | Reached XP level 6. HP: 19/59 MP: 6/6
  1996 | D:3      | Reached XP level 7. HP: 21/66 MP: 7/7
  2090 | D:4      | Paralysed by Grinder for 2 turns
  2246 | D:3      | Found a basalt altar of Yredelemnul.
  2353 | D:3      | Noticed Terence
  2478 | D:3      | Killed Terence
  2478 | D:3      | Reached skill level 11 in Maces & Flails
  2840 | D:4      | Found a stormy altar of Qazlal.
  2840 | D:4      | Found a sacrificial altar of Ru.
  2846 | D:4      | Found a glowing golden altar of the Shining One.
  2846 | D:4      | Found a deep blue altar of Sif Muna.
  2848 | D:4      | Found a bloodstained altar of Trog.
  2849 | D:4      | Found an opulent altar of Gozag.
  2860 | D:4      | Became a worshipper of Ru the Awakened
  2935 | D:4      | Paralysed by Grinder for 3 turns
  2948 | D:4      | Killed Grinder
  3138 | D:4      | Noticed Eustachio
  3149 | D:4      | Killed Eustachio
  3149 | D:4      | Reached skill level 12 in Maces & Flails
  3149 | D:4      | Reached XP level 8. HP: 68/74 MP: 8/8
  4043 | D:5      | Entered Level 5 of the Dungeon
  4196 | D:5      | Noticed Menkaure
  4391 | D:5      | Noticed Crazy Yiuf
  4397 | D:5      | Killed Crazy Yiuf
  4451 | D:5      | Noticed Blork the orc
  4463 | D:5      | Killed Blork the orc
  4465 | D:5      | Gained mutation: You are somewhat unskilled (-1 Apt). [Ru sacrifice]
  4465 | D:5      | Reduced skill Maces & Flails to level 11
  4465 | D:5      | Reduced skill Throwing to level 1
  4465 | D:5      | Reached * piety under Ru
  4468 | D:5      | Reached skill level 12 in Maces & Flails
  4537 | D:5      | Reached skill level 1 in Armour
  4741 | D:5      | Gained mutation: Your muscles are strong. (Str +2) [potion of mutation]
  4741 | D:5      | Gained mutation: You are frail (-10% HP). [potion of mutation]
  4741 | D:5      | Gained mutation: You evolve. [potion of mutation]
  4869 | D:6      | Found a staircase to the Ecumenical Temple.
  4938 | D:6      | Found Wogihus's Gadget Shoppe.
  4945 | D:6      | Bought a wand of teleportation (1/9) for 165 gold pieces
  4950 | D:6      | Noticed Marethyu's ghost (novice DEEE)
  5115 | D:6      | Found a runed door.
  5128 | D:6      | Found a runed door.
  5165 | D:6      | Reached XP level 9. HP: 50/76 MP: 9/9
  5173 | D:6      | Reached skill level 5 in Fighting
  5567 | D:6      | Found Vurgha's Gadget Emporium.
  5588 | D:6      | Found Ytae's General Store.
  5594 | D:6      | Bought a scroll of teleportation for 42 gold pieces
  5594 | D:6      | Bought a scroll of fear for 49 gold pieces
  5594 | D:6      | Bought a scroll of identify for 28 gold pieces
  5697 | D:6      | Found Guilu's Jewellery Shoppe.
  5801 | D:6      | Found Watoe's Food Shoppe.
  6179 | D:7      | Found a burning altar of Makhleb.
  6393 | D:7      | Gained mutation: You are slightly vulnerable to magic. [Ru sacrifice]
  6393 | D:7      | Reached ** piety under Ru
  6448 | D:7      | Reached skill level 13 in Maces & Flails
  6763 | D:8      | Noticed Erolcha
  6777 | D:8      | Killed Erolcha
  6777 | D:8      | Reached skill level 14 in Maces & Flails
  6777 | D:8      | Reached XP level 10. HP: 59/88 MP: 10/10
  6954 | D:8      | Found a white marble altar of Elyvilon.
  7161 | D:8      | Reached skill level 15 in Maces & Flails
  7572 | D:5      | Killed Menkaure
  7648 | Temple   | Entered the Ecumenical Temple
  7708 | D:6      | Gained mutation: Your mind is acute. (Int +2) [evolution]
  8396 | D:9      | Found an opulent altar of Gozag.
  8468 | D:9      | Gained mutation: You cannot read scrolls while threatened. [Ru sacrifice]
  8468 | D:9      | Reached *** piety under Ru
  8468 | D:9      | Reached **** piety under Ru
  8481 | D:9      | Noticed Maurice
  8875 | D:9      | Killed Maurice
  8942 | D:10     | Entered Level 10 of the Dungeon
  8942 | D:10     | Noticed a hill giant
  8954 | D:10     | Killed a hill giant
  8983 | D:10     | Reached XP level 11. HP: 103/103 MP: 11/11
  9062 | D:10     | Found a staircase to the Orcish Mines.
  9220 | D:10     | Noticed a manticore
  9225 | D:10     | Killed a manticore
  9225 | D:10     | Reached skill level 10 in Fighting
  9317 | D:10     | Learned a level 2 spell: Swiftness
  9341 | D:10     | Reached skill level 1 in Spellcasting
 10135 | D:11     | Lost mutation: Your mind is acute. (Int +2) [potion of cure mutation]
 10135 | D:11     | Lost mutation: You evolve. [potion of cure mutation]
 10135 | D:11     | Lost mutation: Your muscles are strong. (Str +2) [potion of cure mutation]
 10135 | D:11     | Lost mutation: You are frail (-10% HP). [potion of cure mutation]
 10167 | D:11     | Noticed a hill giant
 10167 | D:11     | Noticed a hill giant
 10183 | D:11     | Killed a hill giant
 10188 | D:11     | Killed a hill giant
 10188 | D:11     | Reached skill level 16 in Maces & Flails
 10257 | D:11     | Noticed a hill giant
 10265 | D:11     | Killed a hill giant
 10319 | D:11     | Noticed a manticore
 10328 | D:11     | Killed a manticore
 10569 | D:11     | Got a warped turquoise ring
 10625 | D:11     | Noticed a hill giant
 10641 | D:11     | Killed a hill giant
 10657 | D:11     | Gained mutation: You cannot be stealthy. [Ru sacrifice]
 10830 | D:11     | Reached XP level 12. HP: 133/133 MP: 17/17
 10969 | D:11     | Found a staircase to the Lair.
 11610 | D:12     | Identified the ring of Wuteb {Int+5 Dex+5} (You found it on level 11 of the Dungeon)
 11642 | D:12     | Noticed a vampire mage
 11676 | D:12     | Reached skill level 17 in Maces & Flails
 11795 | D:12     | Noticed a seven-headed hydra
 11806 | D:12     | Killed a seven-headed hydra
 11964 | D:11     | Found a burning altar of Makhleb.
 12033 | D:12     | Gained mutation: You have sharp toenails. [potion of beneficial mutation]
 12043 | D:12     | Noticed a jiangshi
 12043 | D:12     | Noticed a jiangshi
 12044 | D:12     | Killed a vampire mage
 12265 | D:12     | Reached skill level 5 in Dodging
 12525 | D:12     | Learned a level 3 spell: Regeneration
 13036 | D:13     | Gained mutation: You cannot study or cast Air magic. [Ru sacrifice]
 13036 | D:13     | Gained mutation: You cannot study or cast Necromancy magic. [Ru sacrifice]
 13036 | D:13     | Gained mutation: You cannot study or cast Summoning magic. [Ru sacrifice]
 13036 | D:13     | Reached ***** piety under Ru
 13045 | D:13     | Found a gate to the Vaults.
 13052 | D:13     | Reached XP level 13. HP: 85/146 MP: 18/18
 13072 | D:13     | Reached skill level 18 in Maces & Flails
 13190 | D:13     | Found a flagged portal.
 13199 | Bailey   | Entered a bailey
 14597 | Lair:1   | Entered Level 1 of the Lair of Beasts
 14656 | Lair:1   | Found a labyrinth entrance.
 14662 | Lab      | Entered a labyrinth
 15250 | Lab      | Noticed a minotaur
 15260 | Lab      | Killed a minotaur
 15268 | Lab      | Got an iridescent short sword
 15404 | Lair:1   | Identified a +2 rod of clouds (11/11) (You took it off a minotaur in a labyrinth)
 15542 | Lair:1   | Identified Sif Muna's Almanac of Captivating Shape Shifting
 16104 | Lair:2   | Gained mutation: You evolve. [potion of beneficial mutation]
 16185 | Lair:2   | Noticed Urug
 16197 | Lair:2   | Killed Urug
 16686 | Lair:2   | Noticed Erica
 16692 | Lair:2   | Killed Erica
 16722 | Lair:2   | Noticed Sonja
 16727 | Lair:2   | Killed Sonja
 17377 | Lair:3   | Gained mutation: You take slightly more damage. (AC -3) [Ru sacrifice]
 17742 | Lair:3   | Upgraded the game from 0.19-a0-36-g4a0968a to 0.19-a0-38-ga776ef0
 17978 | Lair:3   | Found a staircase to the Shoals.
 18660 | Lair:4   | Reached XP level 14. HP: 154/157 MP: 19/19
 18716 | Lair:4   | Reached skill level 15 in Fighting
 18897 | Lair:4   | Gained mutation: You are hated by all. [Ru sacrifice]
 18897 | Lair:4   | Reached ****** piety under Ru
 19065 | Lair:4   | Found a hole to the Spider Nest.
 20747 | Lair:6   | Learned a level 1 spell: Magic Dart
 20920 | Lair:6   | Found a viscous altar of Jiyva.
 20921 | Lair:6   | Found a staircase to the Slime Pits.
 20949 | Lair:6   | Reached skill level 10 in Dodging
 22324 | Lair:7   | Reached skill level 19 in Maces & Flails
 22717 | Lair:8   | Entered Level 8 of the Lair of Beasts
 22732 | Lair:8   | Got a blackened lajatang
 22791 | Lair:8   | Identified the cursed +0 lajatang of Tialoobu {pain, rPois rF+ rN+ Int-5 SInv} (You found it on level 8 of the Lair of Beasts)
 23258 | Lair:8   | Reached skill level 20 in Maces & Flails
 23988 | Lair:8   | Reached XP level 15. HP: 167/167 MP: 20/20
 24130 | Lair:8   | Found a burning altar of Makhleb.
 24136 | Lair:8   | Found a gateway to Hell.
 24598 | D:11     | Reached skill level 21 in Maces & Flails
 24660 | Orc:1    | Entered Level 1 of the Orcish Mines
 24667 | Orc:1    | Found Deiceam's Food Shoppe.
 24853 | Orc:2    | Entered Level 2 of the Orcish Mines
 25164 | Orc:2    | Lost mutation: You have sharp toenails. [evolution]
 25168 | Orc:2    | Found a staircase to the Elven Halls.
 25735 | Orc:2    | Found a roughly hewn altar of Beogh.
 25895 | Orc:1    | Found a roughly hewn altar of Beogh.
 26350 | Orc:2    | HP: 5/167 [orc high priest/long sword (15)]
 26350 | Orc:2    | Slain by a sixfirhy

Vault maps used:
D:1:      nicolae_arrival_memento_mori
D:3:      yredelemnul_altar_generic, uniq_terence
D:4:      grunt_temple_overflow_open, first_bread, uniq_grinder, uniq_pikel,
          uniq_eustachio
D:5:      corexii_item_surrounded_by_moat, uniq_menkaure,
          uniq_crazy_yiuf_cottage, uniq_blork_the_orc
D:6:      lemuel_insect_pit, minmay_temple_entry_statues_pillars, serial_shops,
          nicolae_shop_statue_plus, shop, nicolae_shop_stone, shop,
          kennysheep_mini_moat
D:7:      lemuel_crystal_altar, grunt_ministairs_1
D:8:      elyvilon_altar_4, uniq_erolcha
D:9:      basic_altar, uniq_maurice
D:10:     orc_0_dummy
D:11:     lemuel_upstairs_altar, erik_lair_dragon
D:12:     david_nohive_1, st_stairs_4, minmay_librarian
D:13:     erik_vaults_1, enter_bailey_2
Temple:   minmay_temple_forest_path_12
Lair:1:   lab_entry_generic
Lair:2:   lemuel_slime, serial_bayou_shore_a, uniq_sonja, uniq_erica, uniq_urug
Lair:3:   minmay_shoals_entry_hut, infiniplex_staircase_pool
Lair:4:   beast_lair_carwin_large_2, spider_nest_entry_webs,
          grunt_forest_stairs_clearing
Lair:5:   serial_forest, infiniplex_forest_lined_3,
          infiniplex_forest_lined_room_2, infiniplex_forest_lined_room_,
          infiniplex_forest_clump_medium, serial_bayou_shore_b,
          grunt_megastairs_2
Lair:6:   statuecave_lemuel, dpeg_slime_entry_enclosed_altar, grunt_megastairs_3
Lair:7:   patterned_corridor, grunt_megastairs_1
Lair:8:   evil_forest
Orc:1:    serial_shops, nicolae_shop_statue_plus, basic_altar
Orc:2:    st_orc_mages, bh_open_orc_temple
Lab:      nicolae_lab_dead_adventurers, lab_hedge, nicolae_lab_blocks
Bailey:   bailey_polearm_gnolls_kennysheep, bailey

Skill      XL: |  1  2  3  4  5  6  7  8  9 10 11 12 13 14 15 |
---------------+----------------------------------------------+-----
Maces & Flails | 5 6 10 12 12 14 15 16 17 18 20 21 | 21.4
Throwing       | 1 |  1.7
Fighting       | 4 6 9 12 14 15 | 15.0
Armour         | 1 3 |  3.4
Dodging        | 3 4 6 8 10 | 10.1
Spellcasting   | 3 |  3.3

Action                   |  1- 3 |  4- 6 |  7- 9 | 10-12 | 13-15 || total
-------------------------+-------+-------+-------+-------+-------++-------
Melee: Flail             |   103 |    27 |    30 |   671 |   113 ||   944
       Giant club        |       |       |   224 |       |       ||   224
       Whip              |       |       |    25 |       |       ||    25
       Giant spiked club |       |       |    55 |   121 |   645 ||   821
       Kick              |       |       |       |    85 |   472 ||   557
       Eveningstar       |       |       |       |       |   488 ||   488
Throw: Throwing net      |     2 |     2 |     1 |       |       ||     5
Invok: Sacrifice Skill   |       |       |     1 |       |       ||     1
       Sacrifice Essence |       |       |     1 |       |       ||     1
       Power Leap        |       |       |       |     3 |       ||     3
       Sacrifice Words   |       |       |       |     1 |       ||     1
       Sacrifice Stealth |       |       |       |     1 |       ||     1
       Draw Out Power    |       |       |       |     1 |     1 ||     2
       Sacrifice Arcana  |       |       |       |     1 |       ||     1
       Apocalypse        |       |       |       |       |     6 ||     6
       Sacrifice Health  |       |       |       |       |     1 ||     1
       Sacrifice Love    |       |       |       |       |     1 ||     1
Evoke: Wand              |       |       |     3 |     6 |    12 ||    21
       Lamp of fire      |       |       |       |       |     1 ||     1
       Rod               |       |       |       |       |     2 ||     2
  Use: Scroll            |     6 |       |     9 |    11 |    18 ||    44
       Potion            |       |     3 |     3 |     7 |     7 ||    20
 Stab: Sleeping          |     1 |       |     2 |     6 |       ||     9
       Distracted        |       |       |     2 |     1 |     4 ||     7
       Invisible         |       |       |       |    16 |    28 ||    44
       Paralysed         |       |       |       |     8 |    38 ||    46
  Eat: Chunk             |     3 |       |    17 |    18 |    33 ||    71
       Beef jerky        |       |       |       |     1 |     1 ||     2
       Meat ration       |       |       |       |     1 |     1 ||     2
       Royal jelly       |       |       |       |     1 |     3 ||     4
       Pizza             |       |       |       |     1 |     1 ||     2
Armor: Robe              |    39 |     4 |    68 |    89 |       ||   200
       Troll leather arm |       |       |       |   102 |   172 ||   274
Dodge: Dodged            |    63 |     8 |   148 |   324 |   788 ||  1331
